 Dungeon Crawl Stone Soup version 0.18-a0-1273-g8ec5f8e (webtiles) character file.

852285 nuthulu the Invulnerable (level 27, -9/190 HPs)
             Began as a Gargoyle Fighter on Feb 7, 2016.
             Was a High Priest of the Shining One.
             Killed by divine providence
             ... invoked by a daeva
              (11 damage)
             ... in Pandemonium.
             The game lasted 04:09:15 (86448 turns).

nuthulu the Invulnerable (Gargoyle Fighter)        Turns: 86448, Time: 04:09:16

Health: -9/190     AC: 64    Str: 30    XL:     27
Magic:  13/45      EV: 21    Int: 16    God:    the Shining One [*****.]
Gold:   8153       SH: 36    Dex: 18    Spells: 0 memorised, 26 levels left

rFire  + + +     SeeInvis .     c - +9 sacred scourge (holy)
rCold  + + .     Gourm    .     P - +2 gold dragon armour
rNeg   + + +     Faith    .     u - +1 shield {reflect}
rPois  ∞         Spirit   .     d - +2 helmet
rElec  +         Dismiss  .     W - +1 cloak {+Inv}
rCorr  +         Reflect  +     Q - +1 pair of gloves {Str+3}
SustAt .         Harm     .     x - +2 pair of boots
MR     ++...                    T - amulet "Dafent" {Reflect Fragile Str+2 Int+3 Slay+3 SH+4}
Stlth  ..........               S - ring "Wyqaxill" {rF+ MP+9 Str+5 Slay+2}
                                M - ring of protection from fire

@: divine shield, resistant, flying, very slightly contaminated, glowing, very
resistant to hostile enchantments, extremely unstealthy
A: big wings, negative energy resistance 1, electricity resistance, slow
regeneration 1, unbreathing, petrification resistance, rot immunity, AC +20
a: Stop Flying, Divine Shield, Cleansing Flame, Summon Divine Warrior, Renounce
Religion, Evoke Invisibility
}: 8/15 runes: decaying, serpentine, slimy, silver, golden, abyssal, demonic,
fiery


You were in Pandemonium.
You worshipped the Shining One.
The Shining One was extremely pleased with you.
You were not hungry.

You visited 13 branches of the dungeon, and saw 62 of its levels.
You visited Pandemonium 1 time, and saw 18 of its levels.
You visited the Abyss 2 times.

You collected 11896 gold pieces.
You spent 3743 gold pieces at shops.

Inventory:

Hand Weapons
 c - a +9 sacred scourge of holy wrath (weapon)
Missiles
 l - 6 throwing nets (quivered)
Armour
 d - a +2 helmet (worn)
 u - a +1 shield of reflection (worn)
 x - a +2 pair of boots (worn)
 N - the +8 plate armour of Tulips {rF+ Str+4}
   (You bought it in a shop on level 10 of the Dungeon)

   It affects your strength (+4).
   It protects you from fire.
 P - a +2 gold dragon armour (worn)
 Q - a +1 pair of gloves of strength (worn)
 W - a +1 cloak of invisibility (worn)
Jewellery
 y - an uncursed amulet of the gourmand
 D - a +4 ring of dexterity
 F - an uncursed ring of protection from cold
 I - a +6 amulet of reflection
 J - an uncursed ring of protection from cold
 L - an uncursed ring of protection from fire
 M - a ring of protection from fire (left hand)
 R - an uncursed ring of resist corrosion
 S - the ring "Wyqaxill" (right hand) {rF+ MP+9 Str+5 Slay+2}
   (You bought it in a shop on level 2 of the Snake Pit)

   [ring of protection from fire]

   It affects your strength (+5).
   It affects your accuracy and damage with ranged weapons and melee attacks
   (+2).
   It protects you from fire.
   It affects your magic capacity (+9).
 T - the amulet "Dafent" (around neck) {Reflect Fragile Str+2 Int+3 Slay+3 SH+4}
   (You found it on level 6 of the Pits of Slime)

   [amulet of reflection]

   It shields you and reflects attacks.
   It affects your strength (+2).
   It affects your intelligence (+3).
   It affects your accuracy and damage with ranged weapons and melee attacks
   (+3).
   It will be destroyed if unequipped.
   It affects your SH (+4).
 U - an uncursed ring of sustain attributes
Wands
 p - a wand of digging (5/24)
 s - a wand of teleportation (5/9)
 z - a wand of heal wounds (1/9)
Scrolls
 a - 8 scrolls of identify
 e - 9 scrolls of magic mapping
 k - 27 scrolls of remove curse
 v - 9 scrolls of fog
 B - 6 scrolls of teleportation
 C - 3 scrolls of recharging
 K - a scroll of enchant weapon
 V - 3 scrolls of fear
Potions
 b - 5 potions of resistance
 i - 4 potions of magic
 m - a potion of heal wounds
 n - 18 potions of curing
 o - 8 potions of agility
 q - a potion of might
 r - 5 potions of cure mutation
 t - 3 potions of berserk rage
 w - 3 potions of haste
 G - 7 potions of brilliance
 H - 3 potions of cancellation
 Y - 4 potions of mutation
 Z - 8 potions of lignification
Comestibles
 f - 28 bread rations
 g - 17 meat rations
 h - 20 beef jerkies
 j - 48 fruits
 A - 8 royal jellies
 E - 7 slices of pizza


   Skills:
 + Level 24.1 Fighting
 + Level 20.1 Maces & Flails
 O Level 27 Armour
 + Level 21.5 Dodging
 - Level 19.2 Shields
 + Level 19.8 Invocations


You had 26 spell levels left.
You didn't know any spells.

Dungeon Overview and Level Annotations

Branches:
Dungeon (15/15)            Temple (1/1) D:6            Lair (8/8) D:9
  Swamp (4/4) Lair:4        Snake (4/4) Lair:4        Slime (6/6) Lair:8
    Orc (2/2) D:12            Elf (0/3) Orc:2        Vaults (5/5) D:13
  Crypt (3/3) Vaults:3       Tomb (3/3) Crypt:3      Depths (5/5) D:15
   Hell (1/1)                 Dis (0/7) Hell            Geh (0/7) Hell
    Coc (0/7) Hell            Tar (0/7) Hell            Zot (5/5) Depths:5

Altars:
Ashenzari
Cheibriados
Dithmenos
Elyvilon
Fedhas
Gozag
Kikubaaqudgha
Makhleb
Nemelex Xobeh
Okawaru
Pakellas
Qazlal
Ru
Sif Muna
Trog
Vehumet
Xom
Yredelemnul
Zin
The Shining One
Beogh
Jiyva

Shops:
D:6 (   D:10 [   D:15 %   Orc:2 }[(%   Snake:2 =   Vaults:3 !   Vaults:5 (=(}
Depths:5 =

Portals:
Hell: Depths:1 Depths:2 Depths:3 Depths:4 Depths:5
Abyss: Depths:1 Depths:4
Pandemonium: Depths:3 Depths:5
Ziggurat: Depths:3

Annotations:
Lair:7 exclusion: oklob plant
Depths:1 exclusion: orange crystal statue


Innate Abilities, Weirdness & Mutations

You are resistant to torment.
Your stone body is resilient (AC +20).
You are immune to poison.
Your large and strong wings let you fly indefinitely.
You resist negative energy.
You are resistant to electric shocks.
You can survive without breathing.
You are immune to petrification.
You are immune to rotting.
You regenerate slowly when monsters are visible.


Message History

Something smites you!
* * * LOW HITPOINT WARNING * * *
The apis misses your angel. You block the apis's attack.
The cherub sings a powerful hymn!
The holy creatures are roused to righteous anger!
The cherub shoots an arrow.
The arrow hits you but does no damage.
The daeva calls down the wrath of Zin upon you.
Something smites you!
* * * LOW HITPOINT WARNING * * *
Unknown command.
Unknown command.
Unknown command.
Unknown command.
You are momentarily dazzled by a brilliant light.
You feel somewhat more hungry.
The cherub sings a powerful hymn!
The daeva is roused by the hymn!
The daeva calls down the wrath of the Shining One upon something.
Something smites you!
You die...

......###* **,,,,,** ***,,
..#......####### ******* *,,,,
...............######### **,,,
.#A....###.............#*********
......####.(............,,,,*****
G#...####.A.............,,,,,,,,*
A.....##..A.8....A..8...,,***,,,,
A.#...........YAY.......,,,***,,,
............8A..@...8...,,,***,,,
..................A.....,,,,*,,,,
##..........8...A..(8...,,,,,,,**
,############...Y...####********,
,***********#.......#***********,
*',,,,,,,,,,.........,,,,,,,,,,'*
*,,,,,,,,,,...........,,,,,,,,,,*
*,,,,,,,,,..###'''###..,,,,,,,,,*
*,,**********,,,,,,,**********,,*


You could see 3 apis, 2 daevas, an angel (roused), 2 cherubim, a friendly daeva
and a friendly angel.

Vanquished Creatures
  Cerebov (Pan)
  the Royal Jelly (Slime:6)
  6 ancient liches
  4 pandemonium lords (Pan)
  Mennas (Depths:3)
  24 greater mummies
  Vashnia (Snake:4)
  A curse toe (Crypt:3)
  Norris (Vaults:3)
  Geryon (Hell)
  A caustic shrike (shapeshifter) (Vaults:5)
  The ghost of Motquri the Slayer, an adept MiBe of the Shining One (Tomb:1)
  A profane servitor (Abyss:2)
  8 golden dragons
  Jory (Tomb:1)
  A bone dragon (Depths:5)
  Nikola (Swamp:4)
  4 Brimstone Fiends (Pan)
  A hellephant (Abyss:2)
  7 tentacled monstrosities
  2 Ice Fiends (Pan)
  A Hell Sentinel (Pan)
  6 liches
  2 deep elf blademasters
  14 titans
  A quicksilver dragon (Vaults:5)
  5 tentacled starspawn
  5 death cobs
  Gastronok (D:11)
  4 Executioners
  12 acid blobs
  11 ancient champions
  7 sphinxes
  28 large abominations
  Agnes (Snake:1)
  A thorn hunter (Swamp:4)
  12 storm dragons
  3 revenants
  3 tengu reavers
  15 azure jellies
  11 shadow dragons
  A draconian monk (Zot:2)
  A daeva (Pan)
  7 greater nagas
  6 cacodemons
  3 iron dragons
  15 fire giants
  18 balrugs
  Donald (Swamp:4)
  A draconian scorcher (Zot:1)
  2 draconian knights
  A corrupter (Pan)
  A draconian shifter (Depths:5)
  6 deep elf sorcerers
  2 angels
  17 vault wardens
  13 frost giants
  2 warmongers (Pan)
  10 ghouls
  2 curse skulls
  A juggernaut zombie (Hell)
  34 stone giants
  17 ironheart preservers
  26 very ugly things
  10 reapers
  A spriggan defender (Depths:4)
  2 war gargoyles (Vaults:5)
  6 salamander stormcallers
  2 draconian annihilators
  2 green draconians
  3 black draconians
  3 blood saints (Pan)
  3 lorocyprocas
  10 bennus
  8 vampire knights
  2 deep elf demonologists (Vaults:4)
  A spark wasp (Depths:4)
  A dire elephant (Lair:8)
  3 deep elf annihilators
  7 black suns (Pan)
  4 mottled draconians
  4 purple draconians
  2 chaos champions (Pan)
  2 red draconians (Depths:5)
  4 yellow draconians
  3 white draconians
  18 ettins
  4 eidola
  21 small abominations
  24 vault guards
  3 blizzard demons (Pan)
  A minotaur (shapeshifter) (Vaults:5)
  5 green deaths
  5 death oozes
  10 fire dragons
  24 mummy priests
  14 jiangshi
  5 deep elf death magi
  4 deep elf high priests (Vaults:5)
  11 great orbs of eyes
  16 yaktaur captains
  A kraken zombie (Hell)
  6 rakshasas
  2 entropy weavers
  Harold (D:12)
  14 ice dragons
  2 catoblepae
  2 spriggan air magi
  37 hydras
  11 naga warriors
  A ghost crab (Swamp:4)
  A merfolk avatar (Abyss:3)
  An ice dragon (shapeshifter) (Vaults:5)
  3 monstrous demonspawn (Pan)
  4 death knights
  5 anacondas
  7 centaur warriors
  The ghost of George the Carver, a novice MiFi of the Shining One (D:9)
  A queen ant (Lair:2)
  19 ogre magi
  7 alligators
  7 tengu warriors
  12 deep troll shamans
  16 deep troll earth magi
  9 vampire magi
  6 thrashing horrors
  6 spriggan berserkers
  2 titan zombies
  9 death yaks (Lair:8)
  6 shock serpents
  4 orc high priests (Orc:2)
  3 iron golems (Hell)
  11 deep elf knights
  2 hell hogs (Hell)
  8 soul eaters
  8 naga sharpshooters
  33 sun demons
  4 titan skeletons
  5 wretched stars
  A fire crab (shapeshifter) (Depths:3)
  3 fire crabs
  2 shadow wraiths
  A quicksilver dragon simulacrum (Crypt:1)
  An anaconda zombie (Hell)
  A gelid demonspawn (Pan)
  8 iron trolls
  49 skeletal warriors
  2 spatial maelstroms (Abyss:2)
  A death drake (Abyss:2)
  21 death scarabs
  3 salamander mystics
  4 storm dragon skeletons
  A golden dragon zombie (Hell)
  An unseen horror (shapeshifter) (Vaults:1)
  A death drake (shapeshifter) (D:15)
  A ghost moth zombie (Abyss:2)
  7 flayed ghosts
  38 deep trolls
  9 naga ritualists
  9 swamp dragons
  An anaconda skeleton (Tomb:2)
  3 sea snakes (Snake:3)
  2 shambling mangroves
  5 infernal demonspawn
  An unseen horror (D:12)
  15 ironbrand convokers
  4 shadow demons (Pan)
  3 golden dragon skeletons
  2 lindwurms (Swamp:4)
  4 deep elf archers
  10 giant orange brains
  17 anubis guards
  3 putrid demonspawn (Pan)
  4 torturous demonspawn (Pan)
  13 orc knights
  8 hill giants
  24 deep elf magi
  7 necromancers
  A lindwurm (shapeshifter) (Vaults:3)
  2 tengu zombies
  2 sphinx skeletons (Depths:2)
  2 orb spiders (Abyss:2)
  A wolf spider (shapeshifter) (Vaults:5)
  14 harpies
  2 fire giant zombies
  10 phantasmal warriors
  A tengu skeleton (Vaults:5)
  6 wizards
  A mana viper (shapeshifter) (Vaults:3)
  4 shining eyes
  8 moths of wrath
  9 mana vipers
  4 griffons
  4 wolf spiders
  7 orc sorcerers
  A shining eye (shapeshifter) (Vaults:5)
  5 cyclopes
  61 ugly things
  A manticore (shapeshifter) (Depths:4)
  A salamander (shapeshifter) (Vaults:2)
  A cyclops (shapeshifter) (Depths:3)
  A manticore (D:13)
  A moth of wrath (shapeshifter) (Vaults:4)
  10 sixfirhies
  5 hornets
  27 elephants
  A faun (shapeshifter) (Depths:5)
  A shadow dragon skeleton (Depths:2)
  9 salamanders
  42 black mambas
  A toenail golem (Pan)
  2 worldbinders (Abyss:2)
  2 human skeletons
  An elf zombie (Vaults:5)
  6 stone giant skeletons
  A fire giant skeleton (Crypt:3)
  3 frost giant skeletons
  A black mamba (shapeshifter) (Vaults:1)
  5 guardian serpents (Snake:4)
  13 smoke demons
  18 vault sentinels
  Joseph (D:7)
  19 orange demons
  An ice statue (Hell)
  6 rust devils
  18 naga magi
  An eye of devastation (shapeshifter) (Vaults:2)
  A human zombie (Vaults:5)
  3 gargoyles
  A dire elephant skeleton (Crypt:3)
  24 spiny frogs
  4 hellions (Pan)
  2 kobold demonologists
  3 yaktaur skeletons
  12 komodo dragons
  A komodo dragon (shapeshifter) (Vaults:3)
  A purple draconian skeleton (Crypt:3)
  50 yaktaurs
  3 ice devils (Pan)
  6 efreet
  11 freezing wraiths
  36 guardian mummies
  A catoblepas skeleton (Crypt:3)
  8 fire drakes
  5 hellwings
  3 ancient zymes
  3 spriggan druids
  2 queen bees (shapeshifter)
  15 red devils
  4 tengu conjurers
  3 elf skeletons
  4 trolls
  8 giant leeches
  3 polar bears (Lair:6)
  4 spriggan skeletons (Depths:2)
  A harpy zombie (D:14)
  41 two-headed ogres
  73 slime creatures
  11 boulder beetles
  5 bog bodies
  16 raiju
  5 hydra skeletons
  A blink frog (shapeshifter) (Vaults:1)
  An alligator zombie (Hell)
  2 stone giant simulacra
  17 ushabtiu
  3 water elementals
  6 blink frogs
  A shapeshifter (Abyss:1)
  A spriggan (shapeshifter) (Vaults:4)
  An air elemental (Abyss:3)
  9 shadows
  2 alligator skeletons
  62 yaks
  26 flying skulls
  7 redbacks
  3 spriggans
  A tarantella (Depths:2)
  2 black mamba skeletons
  5 ettin skeletons
  2 fire elementals (Hell)
  2 vampires
  22 ynoxinuls
  7 wraiths
  A yak (shapeshifter) (Depths:1)
  5 basilisks
  3 chaos spawn
  A human simulacrum (Vaults:1)
  4 wyverns
  9 hippogriffs
  A hippogriff (shapeshifter) (Vaults:1)
  12 golden eyes
  32 vampire mosquitoes
  11 neqoxecs
  A wind drake skeleton (Crypt:2)
  6 wolves
  5 mottled dragons
  17 swamp worms
  An insubstantial wisp (Abyss:2)
  17 soldier ants (Lair:2)
  A warg (Vaults:1)
  A merfolk zombie (Crypt:3)
  48 nagas
  3 hell hounds
  A hydra simulacrum (Hell)
  12 water moccasins
  9 swamp drakes
  3 black bears
  15 porcupines
  41 orc warriors
  A swamp dragon zombie (Crypt:1)
  A merfolk skeleton (Crypt:3)
  A phantom (D:4)
  4 sky beasts
  An ice beast (shapeshifter) (Depths:1)
  A manticore zombie (Crypt:3)
  45 starcursed masses
  4 eyes of draining
  A fire dragon simulacrum (Crypt:1)
  3 necrophages
  9 wasps
  2 ice beasts
  A boggart (Vaults:2)
  77 ogres
  21 centaurs
  A swamp dragon skeleton (Crypt:3)
  A blink frog skeleton (Crypt:1)
  A hog skeleton (Crypt:2)
  8 crocodiles
  6 big kobolds
  A yaktaur zombie (Hell)
  A draconian zombie (Crypt:3)
  21 giant frogs
  2 wyvern zombies
  15 killer bees
  A scorpion (D:9)
  A yak zombie (Crypt:3)
  A raiju zombie (Crypt:3)
  A queen bee zombie (Crypt:2)
  A warg skeleton (Crypt:1)
  43 wights
  2 electric eels (Snake:3)
  A troll skeleton (Abyss:3)
  A giant frog zombie (Crypt:3)
  22 crimson imps
  21 jellies
  4 centaur zombies
  A lava snake (Swamp:4)
  4 quasits
  2 gnoll shamans
  5 hounds
  25 orc priests
  6 centaur skeletons
  3 giant frog skeletons
  5 iron imps
  9 iguanas
  6 hell rats (Hell)
  30 orc wizards
  41 worker ants
  A sheep (shapeshifter) (Depths:2)
  A killer bee zombie (D:11)
  34 sheep
  A mottled dragon zombie (Crypt:1)
  A crocodile skeleton (Crypt:3)
  A hound skeleton (D:5)
  37 mummies
  Robin (D:4)
  11 gnolls
  A scorpion zombie (Crypt:1)
  2 worker ant zombies
  13 adders
  54 river rats
  10 shadow imps
  A swamp drake skeleton (Crypt:2)
  2 oozes
  5 ufetubi
  An adder zombie (D:6)
  A worm (D:3)
  3 giant geckos (D:6)
  90 orcs
  A ball python (D:1)
  A bat zombie (Crypt:1)
  5 giant cockroaches
  13 goblins
  8 hobgoblins
  7 jackals
  7 quokkas
  5 bats
  A giant gecko skeleton (D:5)
  9 giant newts
  2 gnoll zombies (D:4)
  27 kobolds
  An orc skeleton (Crypt:2)
  2 quokka skeletons
  12 rats
  A river rat skeleton (Crypt:2)
  2 briar patches (Swamp:4)
  A crawling corpse (Vaults:3)
  A fire vortex (Pan)
  2 starspawn tentacles
3218 creatures vanquished.

Vanquished Creatures (collateral kills)
  Khufu (Tomb:3)
  An ancient lich (Tomb:3)
  A greater mummy (Tomb:3)
  A lich (Crypt:3)
  2 deep elf blademasters
  2 sphinxes (Tomb:1)
  A revenant (Hell)
  An iron dragon (Hell)
  A reaper (Hell)
  A sun demon (Hell)
  An iron troll (Hell)
  A death scarab (Tomb:3)
  A golden dragon skeleton (Crypt:3)
  A deep elf archer (Vaults:3)
  4 anubis guards
  A frost giant zombie (Hell)
  A stone giant skeleton (Crypt:3)
  A komodo dragon (Lair:8)
  An anaconda simulacrum (Hell)
  A hydra zombie (Hell)
  A guardian mummy (Tomb:1)
  An ettin zombie (Hell)
  An ushabti (Tomb:1)
  3 flying skulls
  2 yaks (Lair:8)
  A ynoxinul (Pan)
  A fire elemental (Hell)
  2 hell hounds (Hell)
  An ogre (Vaults:3)
  A snapping turtle skeleton (Crypt:3)
  An orc priest (D:9)
  An iron imp (Hell)
  2 orcs (D:9)
  A lost soul (Hell)
44 creatures vanquished.

Vanquished Creatures (others)
  7 deep elf master archers
  A deep elf blademaster (Crypt:2)
  An eldritch tentacle (Vaults:5)
  A revenant (Tomb:2)
  A fire giant (Crypt:1)
  A draconian scorcher (Depths:5)
  A stone giant (Vaults:4)
  5 yaktaur captains
  A hydra (Swamp:4)
  A centaur warrior (Vaults:3)
  A quicksilver dragon skeleton (Crypt:2)
  2 naga sharpshooters
  A deep elf knight (Vaults:3)
  2 death scarabs (Tomb:1)
  A deep troll (Vaults:1)
  A gelid demonspawn (Pan)
  3 deep elf archers
  An orc knight (Vaults:1)
  A deep elf mage (D:13)
  A titan simulacrum (Vaults:5)
  2 vault sentinels
  A kobold demonologist (D:14)
  19 yaktaurs
  A fire drake (Swamp:4)
  A tengu conjurer (Depths:5)
  2 guardian mummies
  An ushabti (Tomb:3)
  A ynoxinul (Pan)
  5 flying skulls
  A redback (Vaults:1)
  A spriggan (Swamp:4)
  A steam dragon (Swamp:4)
  A vampire mosquito (Swamp:4)
  A hell hound (Abyss:2)
  2 swamp drakes (Swamp:4)
  7 centaurs
  A wight (Crypt:3)
  A crimson imp (Abyss:3)
  3 starcursed masses (Abyss:2)
  An orc wizard (Orc:2)
  A lightning spire (D:4)
  3 mummies
  A white imp (Abyss:2)
  An ufetubus (Abyss:2)
  2 bushes (D:4)
  A crawling corpse (Vaults:3)
  61 eldritch tentacle segments (Vaults:5)
  40 fungi
  15 lost souls
  2 lurking horrors
  22 plants
  11 starspawn tentacles
  57 starspawn tentacle segments
  22 withered plants (Crypt:3)
326 creatures vanquished.

Grand Total: 3588 creatures vanquished

Notes
Turn   | Place    | Note
--------------------------------------------------------------
     0 | D:1      | nuthulu the Gargoyle Fighter began the quest for the Orb.
     0 | D:1      | Reached XP level 1. HP: 14/14 MP: 1/1
   178 | D:1      | Reached XP level 2. HP: 19/19 MP: 2/2
   494 | D:1      | Reached skill level 4 in Fighting
   795 | D:2      | Reached XP level 3. HP: 24/24 MP: 3/3
  1189 | D:2      | Reached XP level 4. HP: 27/30 MP: 4/4
  1675 | D:3      | Found an opulent altar of Gozag.
  2112 | D:4      | Reached skill level 5 in Fighting
  2112 | D:4      | Reached XP level 5. HP: 13/35 MP: 5/5
  2391 | D:4      | Found a basalt altar of Yredelemnul.
  2485 | D:4      | Noticed a phantom
  2520 | D:4      | Killed a phantom
  2520 | D:4      | Reached XP level 6. HP: 26/40 MP: 6/6
  2755 | D:4      | Found an oddly glowing altar of Pakellas.
  2756 | D:4      | Noticed a cyclops
  2775 | D:4      | Noticed an orc warrior
  2798 | D:4      | Killed an orc warrior
  2798 | D:4      | Reached skill level 6 in Fighting
  3056 | D:4      | Reached skill level 5 in Maces & Flails
  3118 | D:4      | Noticed Robin
  3154 | D:4      | Killed Robin
  3383 | D:5      | Entered Level 5 of the Dungeon
  3461 | D:5      | Noticed a sky beast
  3477 | D:5      | Killed a sky beast
  3477 | D:5      | Reached XP level 7. HP: 43/47 MP: 7/7
  3670 | D:5      | Reached skill level 7 in Fighting
  4152 | D:5      | Reached XP level 8. HP: 53/53 MP: 8/8
  4730 | D:6      | Reached skill level 8 in Fighting
  4919 | D:6      | Found a staircase to the Ecumenical Temple.
  4928 | Temple   | Entered the Ecumenical Temple
  5335 | D:6      | Found Uproiw's Weapon Boutique.
  5606 | D:6      | Reached skill level 9 in Fighting
  5818 | D:6      | Found a shadowy altar of Dithmenos.
  5819 | D:6      | Found an iron altar of Okawaru.
  6058 | D:6      | Became a worshipper of Warmaster Okawaru
  6195 | D:6      | Reached XP level 9. HP: 45/60 MP: 9/9
  6483 | D:7      | Found an ancient bone altar of Kikubaaqudgha.
  6579 | D:7      | Found a stormy altar of Qazlal.
  7340 | D:7      | Noticed Joseph
  7367 | D:7      | Killed Joseph
  7367 | D:7      | Reached * piety under Okawaru
  7367 | D:7      | Reached skill level 10 in Fighting
  8052 | D:8      | Found a sparkling altar of Nemelex Xobeh.
  8220 | D:8      | Reached ** piety under Okawaru
  8334 | D:8      | Reached skill level 11 in Fighting
  8391 | D:8      | Reached XP level 10. HP: 62/69 MP: 10/10
  8496 | D:8      | Reached skill level 10 in Maces & Flails
  9511 | D:9      | Noticed a hill giant
  9521 | D:9      | Killed a hill giant
  9854 | D:9      | Reached *** piety under Okawaru
  9854 | D:9      | Reached skill level 12 in Fighting
  9892 | D:9      | Noticed George's ghost (novice MiFi)
  9914 | D:9      | Killed George's ghost
 10228 | D:9      | Found a staircase to the Lair.
 10996 | D:10     | Entered Level 10 of the Dungeon
 11096 | D:10     | Reached XP level 11. HP: 58/76 MP: 11/11
 11218 | D:10     | Reached **** piety under Okawaru
 11408 | D:10     | Found Higutow's Armour Shoppe.
 11508 | D:10     | Reached skill level 13 in Fighting
 11575 | D:10     | Noticed a cyclops
 11589 | D:10     | Killed a cyclops
 12206 | Lair:1   | Entered Level 1 of the Lair of Beasts
 12480 | Lair:1   | Noticed a five-headed hydra
 12501 | Lair:1   | Killed a five-headed hydra
 12505 | Lair:1   | Reached ***** piety under Okawaru
 13414 | Lair:1   | Reached skill level 14 in Fighting
 14330 | Lair:2   | Reached XP level 12. HP: 70/86 MP: 12/12
 14670 | Lair:2   | Noticed a queen ant
 14692 | Lair:2   | Killed a queen ant
 15489 | Lair:2   | Reached skill level 15 in Fighting
 15948 | Lair:3   | Found a frozen archway.
 16307 | Lair:3   | Reached ****** piety under Okawaru
 17169 | Lair:4   | Received a gift from Okawaru
 17361 | Lair:4   | Noticed an eight-headed hydra
 17376 | Lair:4   | Killed an eight-headed hydra
 17921 | Lair:4   | Reached skill level 16 in Fighting
 17926 | Lair:4   | Reached XP level 13. HP: 93/93 MP: 13/13
 17986 | Lair:4   | Found a staircase to the Snake Pit.
 18037 | Snake:1  | Entered Level 1 of the Snake Pit
 18133 | Lair:4   | Found a staircase to the Swamp.
 19204 | Lair:5   | Reached skill level 15 in Maces & Flails
 20079 | D:10     | Bought the +8 plate armour of Tulips {rF+ Str+4} for 854 gold pieces
 21248 | Lair:6   | Reached skill level 17 in Fighting
 21368 | Lair:6   | Received a gift from Okawaru
 22200 | Lair:7   | Gained mutation: Your large and strong wings let you fly indefinitely. [Gargoyle growth]
 22200 | Lair:7   | Reached XP level 14. HP: 98/102 MP: 14/14
 22273 | Lair:7   | Got an ancient mace
 22274 | Lair:7   | Identified the +6 mace of Uckafec {drain, rC+ Str+2} (You found it on level 7 of the Lair of Beasts)
 22410 | Lair:7   | Reached skill level 1 in Invocations
 22771 | Lair:8   | Entered Level 8 of the Lair of Beasts
 22826 | Lair:8   | Found a staircase to the Slime Pits.
 22827 | Lair:8   | Found a viscous altar of Jiyva.
 22976 | Lair:8   | Reached skill level 5 in Armour
 23007 | Lair:8   | Reached skill level 5 in Shields
 23020 | Lair:8   | Received a gift from Okawaru
 23039 | Lair:8   | Noticed a dire elephant
 23075 | Lair:8   | Killed a dire elephant
 23665 | Lair:8   | Reached skill level 5 in Invocations
 23928 | Lair:8   | Received a gift from Okawaru
 25213 | D:11     | Reached XP level 15. HP: 104/107 MP: 20/20
 25327 | D:11     | Received a gift from Okawaru
 25330 | D:11     | Noticed Gastronok
 25342 | D:11     | Killed Gastronok
 25713 | D:12     | Found a shadowy altar of Dithmenos.
 25807 | D:12     | Received a gift from Okawaru
 25961 | D:12     | Gained mutation: Your flesh is heat resistant. [potion of mutation]
 26138 | D:12     | Found a staircase to the Orcish Mines.
 26193 | D:12     | Noticed Harold
 26211 | D:12     | Killed Harold
 26645 | Orc:1    | Entered Level 1 of the Orcish Mines
 27119 | Orc:2    | Entered Level 2 of the Orcish Mines
 27160 | Orc:2    | Found a staircase to the Elven Halls.
 27845 | Orc:2    | Found a roughly hewn altar of Beogh.
 28837 | Orc:2    | Reached skill level 10 in Armour
 28837 | Orc:2    | Reached skill level 10 in Shields
 28879 | Orc:2    | Found Unuas's Gadget Emporium.
 28879 | Orc:2    | Found Ufoul's Armour Shop.
 28881 | Orc:2    | Found Norghed's Weapon Emporium.
 28881 | Orc:2    | Found Poyhehos's Food Shop.
 28888 | Orc:2    | Bought a +0 pair of gloves of strength for 184 gold pieces
 28900 | Orc:2    | Bought a wand of heal wounds (5/9) for 648 gold pieces
 29387 | Swamp:1  | Entered Level 1 of the Swamp
 29403 | Swamp:1  | Received a gift from Okawaru
 31108 | Swamp:3  | Reached XP level 16. HP: 55/112 MP: 21/21
 31463 | Swamp:3  | Reached XP level 17. HP: 115/118 MP: 22/22
 32123 | Swamp:4  | Entered Level 4 of the Swamp
 32386 | Swamp:4  | Noticed Donald
 32401 | Swamp:4  | Killed Donald
 32522 | Swamp:4  | Noticed Nikola
 32533 | Swamp:4  | Killed Nikola
 32533 | Swamp:4  | Received a gift from Okawaru
 33142 | Swamp:4  | Got a decaying rune of Zot
 33206 | Swamp:4  | Received a gift from Okawaru
 34162 | Snake:1  | Noticed Agnes
 34184 | Snake:1  | Killed Agnes
 34323 | Snake:1  | Reached XP level 18. HP: 98/124 MP: 23/23
 35032 | Snake:2  | Reached skill level 15 in Armour
 35171 | Snake:2  | Reached skill level 15 in Shields
 35378 | Snake:2  | Found Feol's Jewellery Boutique.
 35396 | Snake:2  | Bought the ring "Wyqaxill" {rF+ MP+9 Str+5 Slay+2} for 712 gold pieces
 35510 | Snake:2  | Received a gift from Okawaru
 36389 | Snake:3  | Got a pair of spiked boots
 36400 | Snake:3  | Identified the +0 pair of boots of Lugonu's Reproof {MP+9 Str+4 Dex-3} (You found it on level 3 of the Snake Pit)
 37067 | Snake:4  | Entered Level 4 of the Snake Pit
 37205 | Snake:4  | Received a gift from Okawaru
 37528 | Snake:4  | Noticed Vashnia
 37598 | Snake:4  | Killed Vashnia
 37891 | Snake:4  | Reached XP level 19. HP: 37/128 MP: 24/24
 38374 | Snake:4  | Received a gift from Okawaru
 38700 | Snake:4  | Received a gift from Okawaru
 38781 | Snake:4  | Got a serpentine rune of Zot
 38872 | Snake:4  | Received a gift from Okawaru
 39244 | D:13     | Found a glowing golden altar of the Shining One.
 39555 | D:13     | Found a gate to the Vaults.
 41130 | D:15     | Entered Level 15 of the Dungeon
 41310 | D:15     | Found Binwax's Food Shoppe.
 41431 | D:15     | Reached skill level 18 in Armour
 41504 | D:15     | Found a sacrificial altar of Ru.
 41533 | D:15     | Found a shadowy altar of Dithmenos.
 42163 | D:15     | Paralysed by an orc sorcerer for 6 turns
 42210 | D:15     | Found a staircase to the Depths.
 42390 | Vaults:1 | Entered Level 1 of the Vaults
 42488 | Vaults:1 | Received a gift from Okawaru
 42963 | Vaults:1 | Reached XP level 20. HP: 30/134 MP: 25/25
 43847 | Vaults:1 | Reached skill level 19 in Armour
 45022 | Snake:2  | Bought an uncursed ring of protection from cold for 350 gold pieces
 45878 | Vaults:1 | Received a gift from Okawaru
 45895 | Vaults:1 | Reached skill level 1 in Dodging
 46657 | Vaults:2 | Received a gift from Okawaru
 47569 | Vaults:3 | Reached skill level 20 in Armour
 47708 | Vaults:3 | Reached skill level 5 in Dodging
 47900 | Vaults:3 | Found Jusoashi's Distillery.
 47909 | Vaults:3 | Bought a potion of heal wounds for 85 gold pieces
 47909 | Vaults:3 | Bought a potion of heal wounds for 85 gold pieces
 47927 | Vaults:3 | Found a staircase to the Crypt.
 48561 | Vaults:3 | Reached XP level 21. HP: 134/140 MP: 26/26
 48654 | Vaults:3 | Noticed Norris
 48675 | Vaults:3 | Killed Norris
 49212 | Vaults:4 | Received a gift from Okawaru
 49776 | Vaults:4 | Reached skill level 21 in Armour
 50203 | Vaults:4 | Cast into level 2 of the Abyss (a deep elf sorcerer)
 50451 | Abyss:2  | Received a gift from Okawaru
 50703 | Abyss:2  | Reached XP level 22. HP: 116/116 MP: 27/27
 50862 | Abyss:2  | Paralysed by accursed screaming for 1 turns
 50944 | Abyss:2  | Noticed a profane servitor
 50964 | Abyss:2  | Killed a profane servitor
 51155 | Abyss:2  | Reached skill level 22 in Armour
 51155 | Abyss:2  | Reached skill level 10 in Dodging
 52141 | Vaults:4 | Escaped the Abyss
 52266 | Vaults:5 | Entered Level 5 of the Vaults
 53107 | Depths:1 | Entered Level 1 of the Depths
 53220 | Depths:1 | Found a one-way gate to the infinite horrors of the Abyss.
 53478 | Depths:1 | Received a gift from Okawaru
 53490 | Depths:1 | Found a gateway to Hell.
 55076 | Depths:2 | Reached skill level 23 in Armour
 55276 | Depths:2 | Reached XP level 23. HP: 150/150 MP: 28/28
 55398 | Depths:2 | Received a gift from Okawaru
 55740 | Depths:2 | Identified the Almanac of Magnificence (You found it on level 2 of the Depths)
 56124 | Depths:2 | Identified Xaggoustyvi's Disquisition on Intoxication
 56133 | Depths:2 | Identified the Papyrus of Dark Rituals
 56316 | Depths:2 | Received a gift from Okawaru
 57201 | Depths:3 | Found a gateway to a ziggurat.
 57457 | Depths:3 | Paralysed by a great orb of eyes for 7 turns
 57510 | Depths:3 | Reached skill level 24 in Armour
 57518 | Depths:3 | Received a gift from Okawaru
 57528 | Depths:3 | Noticed Mennas
 57555 | Depths:3 | Killed Mennas
 58121 | Depths:3 | Found a one-way gate leading to the halls of Pandemonium.
 58624 | Depths:4 | Reached XP level 24. HP: 141/156 MP: 28/28
 59701 | Depths:4 | Received a gift from Okawaru
 60146 | Depths:5 | Entered Level 5 of the Depths
 60389 | Depths:5 | Found Ysavyifi's Jewellery Shop.
 60551 | Depths:5 | Reached skill level 25 in Armour
 60680 | Depths:5 | Found a gate to the Realm of Zot.
 60941 | Depths:5 | Reached skill level 15 in Dodging
 62488 | Vaults:5 | Received a gift from Okawaru
 62488 | Vaults:5 | Reached XP level 25. HP: 121/161 MP: 28/28
 63025 | Vaults:5 | Found Okhozox's Antique Weapon Shoppe.
 63025 | Vaults:5 | Noticed an ancient lich
 63032 | Vaults:5 | Killed an ancient lich
 63059 | Vaults:5 | Reached skill level 26 in Armour
 63187 | Vaults:5 | Found Nagukaw's Antique Weapon Boutique.
 63315 | Vaults:5 | Received a gift from Okawaru
 63341 | Vaults:5 | Found Atioruirey's Jewellery Shoppe.
 63505 | Vaults:5 | Bought an uncursed ring of resist corrosion for 400 gold pieces
 63917 | Vaults:5 | Noticed an ancient lich
 63966 | Vaults:5 | Killed an ancient lich
 64182 | Vaults:5 | Reached XP level 26. HP: 61/167 MP: 28/28
 64264 | Vaults:5 | Received a gift from Okawaru
 64315 | Vaults:5 | Reached skill level 27 in Armour
 64500 | Vaults:5 | Got a slimy flail {god gift}
 64503 | Vaults:5 | Identified the +3 flail "Fiotaana" {venom, rN+} (Okawaru gifted it to you on level 5 of the Vaults)
 64659 | Vaults:5 | Got a silver rune of Zot
 64886 | Vaults:5 | Found Foudaihi's Gadget Shoppe.
 66201 | Zot:1    | Entered Level 1 of the Realm of Zot
 66512 | Zot:2    | Received a gift from Okawaru
 66535 | Zot:2    | Reached skill level 10 in Invocations
 67283 | Zot:5    | Entered Level 5 of the Realm of Zot
 67994 | Slime:1  | Entered Level 1 of the Pits of Slime
 68008 | Slime:1  | Gained mutation: Your natural rate of healing is unusually fast. [a shining eye]
 68012 | Slime:1  | Received a gift from Okawaru
 68638 | Slime:1  | Reached XP level 27. HP: 170/176 MP: 31/31
 69055 | Slime:6  | Entered Level 6 of the Pits of Slime
 69165 | Slime:5  | Gained mutation: Your spells are a little easier to cast, but a little less powerful. [a shining eye]
 69255 | Slime:6  | Found a viscous altar of Jiyva.
 69257 | Slime:6  | Noticed the Royal Jelly
 69293 | Slime:6  | Killed the Royal Jelly
 69425 | Slime:6  | Received a gift from Okawaru
 69688 | Slime:6  | Got a slimy rune of Zot
 69743 | Slime:6  | Gained mutation: You are clumsy. (Dex -2) [a shining eye]
 69746 | Slime:6  | Gained mutation: Scrolls take you a little longer to read. [a shining eye]
 69748 | Slime:6  | Gained mutation: You are weak. (Str -2) [a shining eye]
 69751 | Slime:6  | Gained mutation: Scrolls take you longer to read. [a shining eye]
 69754 | Slime:6  | Gained mutation: You are frail (-10% HP). [a shining eye]
 69759 | Slime:6  | Lost mutation: You are frail (-10% HP). [potion of cure mutation]
 69759 | Slime:6  | Lost mutation: Your natural rate of healing is unusually fast. [potion of cure mutation]
 69759 | Slime:6  | Lost mutation: Your spells are a little easier to cast, but a little less powerful. [potion of cure mutation]
 69759 | Slime:6  | Lost mutation: You are clumsy. (Dex -2) [potion of cure mutation]
 69759 | Slime:6  | Lost mutation: Scrolls take you longer to read. [potion of cure mutation]
 69760 | Slime:6  | Lost mutation: You are weak. (Str -2) [potion of cure mutation]
 69760 | Slime:6  | Lost mutation: Scrolls take you a little longer to read. [potion of cure mutation]
 69760 | Slime:6  | Lost mutation: Your flesh is heat resistant. [potion of cure mutation]
 69978 | Slime:6  | Got a steaming brass ring
 69980 | Slime:6  | Identified the ring of Inaohiuk {*Confuse rF+ rN+ Dex+4} (You found it on level 6 of the Pits of Slime)
 70002 | Slime:6  | Got a shimmering graven amulet
 70003 | Slime:6  | Identified the amulet "Dafent" {Reflect Fragile Str+2 Int+3 Slay+3 SH+4} (You found it on level 6 of the Pits of Slime)
 70468 | D:13     | Fell from the grace of Okawaru
 70468 | D:13     | Became a worshipper of the Shining One
 70692 | Crypt:1  | Entered Level 1 of the Crypt
 70769 | Crypt:1  | Reached * piety under the Shining One
 71140 | Crypt:1  | Reached ** piety under the Shining One
 71615 | Crypt:2  | Reached *** piety under the Shining One
 71891 | Crypt:2  | Reached **** piety under the Shining One
 71927 | Crypt:2  | Got a scintillating ruby amulet
 72348 | Crypt:3  | Entered Level 3 of the Crypt
 72348 | Crypt:3  | Reached ***** piety under the Shining One
 73006 | Crypt:3  | Reached ****** piety under the Shining One
 73224 | Crypt:3  | Identified a +9 sacred scourge of holy wrath (a +9 demon whip of freezing blessed by the Shining One)
 73224 | Crypt:3  | Received a gift from the Shining One
 73306 | Crypt:3  | Noticed an ancient lich
 73316 | Crypt:3  | Killed an ancient lich
 73346 | Crypt:3  | Found a staircase to the Tomb.
 73694 | Crypt:3  | Got a heavily runed copper ring
 73720 | Crypt:3  | Identified the amulet of Odghion {Faith MR+} (You took it off a vampire knight on level 2 of the Crypt)
 73721 | Crypt:3  | Identified the ring of Departure {+Fly Str+3 Stlth-} (You found it on level 3 of the Crypt)
 73729 | Crypt:3  | Got a wavering brass ring
 73729 | Crypt:3  | Got a flickering steel ring
 73730 | Crypt:3  | Identified the ring "Jijekow" {rF+ rN+} (You found it on level 3 of the Crypt)
 73731 | Crypt:3  | Identified the ring "Fenuosiwk" {rPois rN+ Dex+2 Stlth-} (You found it on level 3 of the Crypt)
 74752 | Depths:1 | Voluntarily entered the Abyss.
 74764 | Abyss:1  | Paralysed by accursed screaming for 1 turns
 74776 | Abyss:1  | Was forgiven by Okawaru
 75092 | Abyss:1  | Noticed an ancient lich
 75100 | Abyss:1  | Killed an ancient lich
 75358 | Abyss:2  | Found a corrupted altar of Lugonu.
 75636 | Abyss:3  | Got an abyssal rune of Zot
 75764 | Abyss:3  | Paralysed by accursed screaming for 2 turns
 75979 | Abyss:3  | Found a corrupted altar of Lugonu.
 75990 | Abyss:3  | Reached skill level 15 in Invocations
 76037 | Abyss:3  | Gained mutation: Armour fits poorly on your strangely shaped body. [a neqoxec]
 76042 | Abyss:3  | Lost mutation: Armour fits poorly on your strangely shaped body. [potion of cure mutation]
 76089 | Abyss:3  | Paralysed by accursed screaming for 1 turns
 76091 | Depths:1 | Escaped the Abyss
 76179 | Hell     | Entered the Vestibule of Hell
 76179 | Hell     | Noticed Geryon
 76202 | Hell     | Killed Geryon
 76235 | Hell     | Found a gateway to the ashen valley of Gehenna.
 76379 | Hell     | Found a gateway to the Iron City of Dis.
 76517 | Hell     | Found a gateway to the freezing wastes of Cocytus.
 76614 | Hell     | Found a gateway to the decaying netherworld of Tartarus.
 77279 | Tomb:1   | Entered Level 1 of the Tomb of the Ancients
 77411 | Tomb:1   | Noticed Jory
 77438 | Tomb:1   | Killed Jory
 77460 | Tomb:1   | Noticed Motquri's ghost (adept MiBe)
 77513 | Tomb:1   | Killed Motquri's ghost
 77759 | Tomb:1   | Noticed a greater mummy
 77783 | Tomb:1   | Killed a greater mummy
 77913 | Tomb:1   | Noticed an ancient lich
 77924 | Tomb:1   | Killed an ancient lich
 78129 | Tomb:1   | Got a clouded granite ring
 78155 | Tomb:1   | Identified the ring "Ciceu" {Int+3 Dex+3 Slay-4 Stlth+} (You found it on level 1 of the Tomb of the Ancients)
 78347 | Tomb:2   | Noticed a greater mummy
 78347 | Tomb:2   | Noticed a greater mummy
 78347 | Tomb:2   | Noticed a greater mummy
 78347 | Tomb:2   | Noticed a greater mummy
 78364 | Tomb:1   | Killed a greater mummy
 78367 | Tomb:1   | Killed a greater mummy
 78370 | Tomb:1   | Killed a greater mummy
 78441 | Tomb:1   | Killed a greater mummy
 78824 | Tomb:1   | Noticed a greater mummy
 78824 | Tomb:1   | Noticed a greater mummy
 78825 | Tomb:1   | Noticed a greater mummy
 78839 | Tomb:2   | Killed a greater mummy
 79118 | Tomb:2   | Killed a greater mummy
 79217 | Tomb:1   | Noticed a greater mummy
 79229 | Tomb:1   | Killed a greater mummy
 79231 | Tomb:1   | Noticed a greater mummy
 79237 | Tomb:2   | Killed a greater mummy
 79299 | Tomb:1   | Noticed a greater mummy
 79306 | Tomb:1   | Killed a greater mummy
 79315 | Tomb:1   | Killed a greater mummy
 79316 | Tomb:1   | Noticed a greater mummy
 79324 | Tomb:1   | Killed a greater mummy
 79385 | Tomb:1   | Noticed a greater mummy
 79396 | Tomb:1   | Killed a greater mummy
 79404 | Tomb:1   | Noticed a greater mummy
 79414 | Tomb:1   | Killed a greater mummy
 79521 | Tomb:1   | Noticed a greater mummy
 79522 | Tomb:1   | Noticed a greater mummy
 79538 | Tomb:1   | Killed a greater mummy
 79543 | Tomb:1   | Killed a greater mummy
 79618 | Tomb:1   | Noticed a greater mummy
 79619 | Tomb:1   | Noticed a greater mummy
 79620 | Tomb:1   | Noticed a greater mummy
 79628 | Tomb:1   | Killed a greater mummy
 79640 | Tomb:1   | Killed a greater mummy
 79668 | Tomb:1   | Killed a greater mummy
 80224 | Tomb:3   | Entered Level 3 of the Tomb of the Ancients
 80234 | Tomb:3   | Noticed an ancient lich
 80234 | Tomb:3   | Noticed a greater mummy
 80666 | Tomb:2   | Killed an ancient lich
 80772 | Tomb:3   | Noticed a greater mummy
 81239 | Tomb:3   | Killed a greater mummy
 81442 | Tomb:3   | Noticed a greater mummy
 81448 | Tomb:3   | Killed a greater mummy
 81458 | Tomb:3   | Killed a greater mummy
 81463 | Tomb:3   | Noticed Khufu
 81465 | Tomb:3   | Noticed a greater mummy
 81473 | Tomb:3   | Killed Khufu
 81476 | Tomb:3   | Noticed a greater mummy
 81476 | Tomb:3   | Killed a greater mummy
 81483 | Tomb:3   | Killed a greater mummy
 81494 | Tomb:3   | Noticed an ancient lich
 81504 | Tomb:3   | Killed an ancient lich
 81582 | Tomb:3   | Got a golden rune of Zot
 81644 | Tomb:3   | Noticed a greater mummy
 81651 | Tomb:3   | Killed a greater mummy
 81766 | Tomb:3   | Identified Sif Muna's Compendium of the Damaging Frostbite
 81775 | Tomb:3   | Identified the Catalogue of Destructive Air
 82986 | Depths:5 | Bought an uncursed ring of protection from cold for 425 gold pieces
 83025 | Pan      | Entered Pandemonium
 83048 | Pan      | Noticed Kina the pandemonium lord
 83071 | Pan      | Killed Kina the pandemonium lord
 83111 | Pan      | Found an exit through the horrors of the Abyss.
 83195 | Pan      | Gained mutation: You regenerate slowly when monsters are visible. [a cacodemon]
 83274 | Pan      | Found an exit through the horrors of the Abyss.
 83519 | Pan      | Found an exit through the horrors of the Abyss.
 83698 | Pan      | Noticed Puux Ano the pandemonium lord
 83715 | Pan      | Killed Puux Ano the pandemonium lord
 83781 | Pan      | Noticed Fenadybuny the pandemonium lord
 83799 | Pan      | Killed Fenadybuny the pandemonium lord
 83854 | Pan      | Found an exit through the horrors of the Abyss.
 84066 | Pan      | Entered the realm of Cerebov.
 84295 | Pan      | Got a serpentine platinum ring
 84297 | Pan      | Identified the ring "Koibbeacw" {rCorr rPois rC- rN+++ Slay-3} (You found it in Pandemonium)
 84641 | Pan      | Got a faintly glowing iron amulet
 84644 | Pan      | Identified the amulet of Huhyug {rF+ Regen+ Dex+4} (You found it in Pandemonium)
 84650 | Pan      | Identified Sif Muna's Handbook of Cloudy Snow
 84827 | Pan      | Noticed Cerebov
 84892 | Pan      | Killed Cerebov
 85193 | Pan      | Got a fiery rune of Zot
 85490 | Pan      | Identified the Tome of Mutagenic Cold
 85591 | Pan      | Found an exit through the horrors of the Abyss.
 85603 | Pan      | Found an exit through the horrors of the Abyss.
 85611 | Pan      | Found an exit through the horrors of the Abyss.
 85934 | Pan      | Noticed Coujoll the pandemonium lord
 85943 | Pan      | Killed Coujoll the pandemonium lord
 85988 | Pan      | Got a demonic rune of Zot
 86090 | Pan      | Got a pair of pitted boots
 86091 | Pan      | Identified the +0 pair of boots "Kuc Dis" {rF+ rN+ Stlth+} (You found it in Pandemonium)
 86422 | Pan      | Found a glowing golden altar of the Shining One.
 86423 | Pan      | Noticed a seraph
 86431 | Pan      | HP: 7/190 [daeva/divine providence (12)]
 86447 | Pan      | HP: 2/190 [daeva/divine providence (16)]
 86448 | Pan      | Killed from afar by a daeva

Vault maps used:
D:1:      dpeg_arrival_chambers_temple_mockup, roderic_serpentine_path
D:3:      nicolae_gozag_cash_rules_everything_around_me
D:4:      gammafunk_pakellas_spire_experiment, lemuel_zombie_altar_yredelemnul,
          first_bread, kennysheep_generic_room_9, uniq_robin
D:6:      gammafunk_temple_overflow_pools, serial_shops, nicolae_shop_crystal
D:7:      grunt_qazlal_clouds, kiku_gazebo_pond_becter, uniq_joseph
D:8:      lemuel_doored_altar
D:9:      david_lair_shrubbed
D:10:     kennysheep_six_static_rooms, serial_shops, nicolae_shop_crystal
D:11:     the_bakery, uniq_gastronok
D:12:     orc_0_dummy, lemuel_centaur_altar, uniq_harold
D:13:     david_vaults_4, tso_metal_star
D:14:     serial_bayou_pond_b
D:15:     grunt_enter_depths_magical_seal, serial_shops, shop, basic_altar,
          grunt_dithmenos_shadows
Temple:   circular_temple_12
Lair:1:   serial_bayou_shore_b, wad_woods_river_01
Lair:2:   zaba_anthell, lemuel_fruit_fields
Lair:3:   portal_ice_cave_entry_pillars_02
Lair:4:   minmay_swamp_entry_swarm, dummy_snake_entry, lemuel_fruit_tree
Lair:6:   kilobyte_rumbling_trees
Lair:8:   grunt_lair_end_beastmaster, slime_altar_1
Swamp:1:  hangedman_swamp_lotus
Swamp:2:  evilmike_swamp_ruin_house_1
Swamp:3:  nicolae_swamp_feature_on_the_river_bank, infiniplex_staircase_pool
Swamp:4:  swamp_fiery, uniq_nikola, uniq_donald
Snake:1:  abandoned_shop, st_stairs_10, serial_bayou_pond_a, grunt_megastairs_4,
          uniq_agnes
Snake:2:  onia_ninara_swampy_vault, serial_shops, shop, serial_bayou_shore_b
Snake:3:  serial_bayou_shore_a, grunt_megastairs_3
Snake:4:  johnstein_snake_rune_scales, basic_stair_grate_trap
Slime:3:  cheibrodos_slime_lost_civilization_7
Slime:4:  nicolae_slime_jelly_donut
Slime:5:  nicolae_slime_phagocytosis
Orc:1:    trog_butcher_becter
Orc:2:    grunt_orc_tribal_feast, david_defended_altar_orc
Vaults:1: ontoclasm_vaults_idyll, dpeg_vaults_waves, ontoclasm_vaults_chip,
          nicolae_vaults_angled_halls, grunt_vaults_swirl,
          nicolae_vaults_windows_and_doors_thing, v_alt_pattern_1,
          ontoclasm_vaults_shuriken, nicolae_vaults_little_squares_1,
          nicolae_vaults_alarming, vaults_room_hallway,
          nicolae_vaults_ring_of_whatevers, vaults_room_stairs_pillars,
          vaults_dpeg_hooks, hangedman_vaults_river_flow,
          nicolae_vaults_mini_display_case, nicolae_vaults_little_squares_5
Vaults:2: v_misc_29, v_rooms_2, nicolae_vaults_angled_halls,
          ontoclasm_vaults_decontamination, v_misc_29, ontoclasm_vaults_tryst,
          ontoclasm_vaults_chip
Vaults:3: ontoclasm_vaults_ring_large, vaults_mumra_lcd,
          vaults_room_ringed_pool, minmay_crypt_entry_simple_statues, v_misc_11,
          nicolae_vaults_little_squares_1, v_rooms_1, vaults_dpeg_diagonal,
          v_misc_19, ontoclasm_vaults_gateway, v_misc_23, ontoclasm_vaults_chip,
          ontoclasm_vaults_ring_small, v_misc_2, serial_shops,
          nicolae_shop_crystal, uniq_norris
Vaults:4: ontoclasm_vaults_shout, v_pattern_1, vaults_mumra_hex,
          ontoclasm_vaults_ligature, vaults_room_pools, v_misc_26,
          vaults_standard_mumra_lines, v_alt_pattern_6, v_misc_19, v_misc_4
Crypt:1:  st_stairs_13
Crypt:2:  lemuel_elevator
Crypt:3:  due_elkab, tomb_entry_forgotten_bobbens
Tomb:1:   uniq_jory
Depths:1: lightli_too_deep, abyss_entry_small_statue_room, nicolae_water_bricks,
          minmay_holes, grunt_decor_mini_mirrors, eino_curves_02,
          minmay_protected_statue
Depths:2: minmay_skeleton_keep, pf_coc_iceberg, roderic_roman_lattice,
          serial_bayou_shore_b, serial_bayou_shore_b, grunt_megastairs_1,
          infiniplex_staircase_diamond
Depths:3: nicolae_whirlpool, enter_ziggurat_d, minivault_11,
          pf_hell_entry_tar_spiral, pan_entry, kennysheep_generic_room_8,
          infiniplex_staircase_river, uniq_mennas
Depths:4: four-leaf_vault, abyss_entry, kennysheep_decorative_pillar,
          hell_entry, infiniplex_staircase_spiral_double
Depths:5: grunt_zot_entry_funnels, grunt_pan_entry_zigzag, serial_shops,
          shop_statue, hell_entry, lemuel_another_geyser
Zot:1:    st_single_dragon_hoard_3, st_stairs_1, zot_minivault_4
Zot:2:    kennysheep_blocky_room, st_single_dragon_hoard_2, zot_minivault_6
Zot:3:    grunt_zot_stairs_overgrown
Zot:4:    grunt_ministairs_8, st_stairs_5, hangedman_hellfire_club
Zot:5:    hangedman_zot_diagonal_lockstep, grunt_ministairs_6
Abyss:2:  small_statue_intersection
Abyss:3:  evilmike_abyss_exit_6, evilmike_abyss_rune_siren
Pan:      nicolae_pan_hourglass, nicolae_pan_gloorx_vloqian_3,
          nicolae_pan_diamonds, nicolae_pan_lom_lobonic_2,
          evilmike_mini_pan_pillars, pan_blood_fountain, lemuel_hellion_island,
          pan_blood_fountain_small, nicolae_pan_sigil_uleosi, grunt_pan_zigzag,
          rand_demon_3, rand_demon_1, evilmike_mini_pan_diamond,
          pan_blood_fountain, evilmike_mini_pan_V, pan_blood_fountain_2,
          cerebov_st, nicolae_pan_lom_lobonic_2, rand_demon_4,
          pan_blood_fountain_small, evilmike_mini_pan_corner, rand_demon_4,
          evilmike_mini_pan_doors, rand_demon_7, pan_blood_fountain_small,
          nicolae_pan_cerebovesque_1, evilmike_mini_pan_corridor,
          evilmike_mini_pan_corner, evilmike_holy_pan

Action                   |  1- 3 |  4- 6 |  7- 9 | 10-12 | 13-15 | 16-18 | 19-21 | 22-24 | 25-27 || total
-------------------------+-------+-------+-------+-------+-------+-------+-------+-------+-------++-------
Melee: Flail             |   141 |   179 |   474 |  1223 |  1093 |       |       |       |       ||  3110
       Eveningstar       |       |       |       |       |   842 |   206 |       |       |   673 ||  1721
       Demon whip        |       |       |       |       |       |   973 |  2152 |  2681 |  1924 ||  7730
       Sacred scourge    |       |       |       |       |       |       |       |       |  1993 ||  1993
Throw: Throwing net      |       |       |       |       |     1 |       |       |       |       ||     1
Invok: Heroism           |       |       |       |    16 |    21 |    11 |    10 |    16 |    11 ||    85
       Finesse           |       |       |       |       |     6 |     5 |     5 |    18 |    10 ||    44
       Cleansing Flame   |       |       |       |       |       |       |       |       |   153 ||   153
       Divine Shield     |       |       |       |       |       |       |       |       |    31 ||    31
       Summon Divine War |       |       |       |       |       |       |       |       |    16 ||    16
       Brand Weapon With |       |       |       |       |       |       |       |       |     1 ||     1
 Abil: Fly               |       |       |       |       |     2 |     1 |     1 |       |     1 ||     5
       Stop Flying       |       |       |       |       |       |       |     1 |       |     1 ||     2
Evoke: Wand              |       |       |     2 |       |       |     2 |     3 |     3 |    23 ||    33
  Use: Scroll            |     6 |     6 |     5 |    12 |    14 |    10 |     8 |    11 |    44 ||   116
       Potion            |       |     4 |     1 |       |     4 |     1 |     2 |     5 |    25 ||    42
 Stab: Petrifying        |       |       |       |       |     2 |       |       |       |       ||     2
       Petrified         |       |       |       |       |     2 |       |       |       |       ||     2
       Distracted        |       |       |       |       |       |       |       |       |     1 ||     1
  Eat: Chunk             |     1 |     7 |    22 |    33 |    43 |    27 |    31 |       |     1 ||   165
       Meat ration       |       |       |     1 |       |       |       |     2 |     5 |    14 ||    22
       Bread ration      |       |       |       |       |       |       |       |     6 |     9 ||    15
